 Dungeon Crawl Stone Soup version 0.22.1-1-ga44c0e56f4 (webtiles) character file.

109 DeShaeron the Skirmisher (level 5, 0/43 HPs)
             Began as a Formicid Fighter on Sept 22, 2018.
             Slain by Crazy Yiuf
             ... wielding a +4 quarterstaff of chaos
              (11 damage)
             ... on level 2 of the Dungeon.
             The game lasted 00:02:30 (1586 turns).

DeShaeron the Skirmisher (Formicid Fighter)         Turns: 1586, Time: 00:02:31

Health: 0/43       AC:  9    Str: 22    XL:     5   Next: 13%
Magic:  5/5        EV:  6    Int:  7    God:
Gold:   138        SH:  9    Dex: 10    Spells: 4/4 levels left

rFire    . . .     SeeInvis +   a - +0 trident
rCold    . . .     Gourm    .   c - +0 shield
rNeg     . . .     Faith    .   n - +0 chain mail
rPois    .         Spirit   .   (helmet unavailable)
rElec    .         Reflect  .   (no cloak)
rCorr    .         Harm     .   (no gloves)
MR       .....                  (no boots)
Stlth    ..........             (no amulet)
HPRegen  0.14/turn              (no ring)
MPRegen  0.09/turn              (no ring)

@: drained
A: permanent stasis, dig shafts and tunnels, four strong arms, antennae 3
a: Dig, Shaft Self


You were on level 2 of the Dungeon.
You were hungry.

You visited 1 branch of the dungeon, and saw 2 of its levels.

You collected 138 gold pieces.

Inventory:

Hand Weapons
 a - a +0 trident (weapon)
Armour
 c - a +0 shield (worn)
 n - a +0 chain mail (worn)
Scrolls
 e - 2 scrolls of teleportation {unknown}
 g - 2 scrolls of identify {unknown}
 i - a scroll of fog {unknown}
 j - a scroll of amnesia {unknown}
 l - a scroll of enchant armour {unknown}
Potions
 d - 3 potions of might
 h - a potion of mutation {unknown}
 k - a potion of ambrosia {unknown}
 m - a potion of curing {unknown}
Comestibles
 b - a chunk of flesh
 f - 4 rations


   Skills:
 * Level 4.3(3.9) Fighting
 + Level 2.6(2.2) Polearms
 * Level 4.3(4.0) Armour
 + Level 4.2(3.9) Shields


You had 4 spell levels left.
You didn't know any spells.
Your spell library was empty.

Dungeon Overview and Level Annotations

Branches:
Dungeon (2/15)

Altars:
Cheibriados
Elyvilon
Fedhas

Annotations:
D:2 Crazy Yiuf


Innate Abilities, Weirdness & Mutations

You cannot be hasted, slowed, berserked, paralysed or teleported.
You can dig through walls and to a lower floor.
Your four strong arms can wield two-handed weapons with a shield.
You have a pair of large antennae on your head. (SInv)


Message History

You puncture Crazy Yiuf!
Crazy Yiuf is almost dead.
Crazy Yiuf yells, "Papa rumpyflump sallow!"
Crazy Yiuf hits you with a quarterstaff of chaos!
You feel drained.
* * * LOW HITPOINT WARNING * * *
You are too injured to fight recklessly!
You are too injured to fight recklessly!
You are too injured to fight recklessly!
You are too injured to fight recklessly!
You barely miss Crazy Yiuf.
Crazy Yiuf is almost dead.
You block Crazy Yiuf's attack.
You are too injured to fight recklessly!
You are feeling hungry.
Your shield and chain mail prevent you from hitting Crazy Yiuf.
Crazy Yiuf is almost dead.
Crazy Yiuf hits you but does no damage.
Crazy Yiuf hits you with a quarterstaff of chaos!
You die...

...............#.###.####### #.#
.#.##..#.......#.# #.# ##.#
.......#..###..#.# #.# ##...
.##.#.##### ###### ### ##.###
......# ######.## # ..#.###
#......# #.#.#####♣♣ ####
#..##..## # #.#....#..♣♣ ♣♣#..)#
#..##.#.### ....#......♣♣♣♣.@g..#
#..##.##... .#####......♣..♣#...#
#.###.##### .# ###...♣.♣♣♣ ####
#.###.# .# ##♣♣♣♣♣ #.....##### .#
######.>... .# ############# ###
#.....
.#####...........####.######.....
....................#.....#......
.#####..)........##.#.###.#......


You could see Crazy Yiuf.

Vanquished Creatures
  Jessica (D:2)
  An adder (D:2)
  6 worms (D:2)
  2 dart slugs (D:2)
  3 leopard geckos
  2 ball pythons (D:1)
  7 giant cockroaches
  4 goblins (D:1)
  6 hobgoblins
  A quokka (D:2)
  4 bats
  4 frilled lizards
  3 kobolds
  8 rats
52 creatures vanquished.

Notes
Turn   | Place    | Note
-------+----------+-------------------------------------------
     0 | D:1      | DeShaeron the Formicid Fighter began the quest for the Orb.
     0 | D:1      | Reached XP level 1. HP: 18/18 MP: 1/1
   209 | D:1      | Reached XP level 2. HP: 24/24 MP: 2/2
   433 | D:1      | Reached XP level 3. HP: 30/30 MP: 3/3
   711 | D:2      | Found a snail-covered altar of Cheibriados.
   825 | D:2      | Found a blossoming altar of Fedhas.
   832 | D:2      | Reached XP level 4. HP: 37/37 MP: 4/4
   946 | D:2      | Found a white marble altar of Elyvilon.
  1198 | D:2      | Noticed Jessica
  1203 | D:2      | Killed Jessica
  1203 | D:2      | Reached XP level 5. HP: 40/42 MP: 5/5
  1390 | D:2      | Found a runed door.
  1577 | D:2      | Noticed Crazy Yiuf
  1586 | D:2      | Slain by Crazy Yiuf

Skill      XL: |  1  2  3  4 |
---------------+-------------+-----
Shields        | 4 |  4.2
Fighting       | 4 |  4.3
Armour         | 4 |  4.3
Polearms       | |  2.6

Action                   |  1- 3 |  4- 6 || total
-------------------------+-------+-------++-------
Melee: Trident           |   103 |    68 ||   171
  Eat: Chunk             |       |     2 ||     2
Armor: Scale mail        |    22 |     9 ||    31
       Chain mail        |       |     4 ||     4
Dodge: Dodged            |    27 |    13 ||    40
Block: Shield            |    35 |    13 ||    48
